 Dungeon Crawl Stone Soup version 0.28.0-45-g0d030f2227 (webtiles) character file.

Game seed: 17346164568163826720

56 CryoSword the Insei (level 3, -2/17 HPs)
             Began as a Vine Stalker Transmuter on Apr 23, 2022.
             Slain by Natasha (4 damage)
             ... on level 2 of the Dungeon.
             The game lasted 00:01:07 (1278 turns).

CryoSword the Insei (Vine Stalker Transmuter)       Turns: 1278, Time: 00:01:07

Health: -2/17      AC:  2    Str: 12    XL:     3   Next: 97%
Magic:  0/7        EV: 12    Int: 15    God:
Gold:   45         SH:  0    Dex: 14    Spells: 5/6 levels left

rFire   . . .      SeeInvis +     - Unarmed
rCold   . . .      Faith    .   (no shield)
rNeg    . . .      Spirit   +   a - +0 robe
rPois   .          Reflect  .   (no helmet)
rElec   .          Harm     .   (no cloak)
rCorr   .          Rampage  .   (no gloves)
Will    .....                   (no boots)
Stlth   +.........              (no amulet)
HPRegen 0.05/turn               f - ring of see invisible
MPRegen 0.10/turn               (no ring)

@: no status effects
A: fangs 2, magic shield, antimagic bite, no potion heal 2
a: no special abilities


You were on level 2 of the Dungeon.
You visited 1 branch of the dungeon, and saw 2 of its levels.

You collected 45 gold pieces.

Inventory:

Armour
 a - a +0 robe (worn)
Jewellery
 f - a ring of see invisible (left hand)
   (You found it on level 1 of the Dungeon)
Scrolls
 b - a scroll of fog {unknown}
 d - a scroll of vulnerability {unknown}
Potions
 c - 2 potions of haste {unknown}
 e - 2 potions of curing {unknown}
 g - a potion of heal wounds {unknown}


   Skills:
 - Level 0.8 Fighting
 - Level 1.5 Dodging
 + Level 4.7 Unarmed Combat
 - Level 2.1 Spellcasting
 - Level 2.0 Transmutations


You had 5 spell levels left.
You knew the following spells:

 Your Spells              Type           Power      Damage    Failure   Level
a - Beastly Appendage     Tmut           14%        N/A       10%         1

Your spell library contained the following spells:

 Spells                   Type           Power      Damage    Failure   Level
 Wereblood                Tmut           7%         N/A       14%         2
 Spider Form              Tmut/Pois      4%         N/A       41%         3
 Ice Form                 Ice/Tmut       4%         N/A       82%         4


Dungeon Overview and Level Annotations

Branches:
Dungeon (2/15)

Altars:
Xom

Annotations:
D:2 Natasha


Innate Abilities, Weirdness & Mutations

You have extremely sharp teeth.
When hurt, damage is shared between your health and your magic reserves.
Your bite disrupts and absorbs the magic of your enemies.
Potions cannot restore your health.


Message History

* * * LOW HITPOINT WARNING * * *
The adder barely misses you.
You barely miss the adder. You claw the adder, but do no damage.
Your bite misses the adder. The adder closely misses you.
You barely miss the adder. You claw the adder. Your headbutt misses the adder.
Your bite misses the adder. The adder bites you.
* * * LOW HITPOINT WARNING * * *
You hit the adder.
You kill the adder!
Unknown command.
Your horns disappear.
Your talons disappear.
Things that are here:
a +0 club; a goblin corpse You start resting.
You start resting.
A ball python comes into view.
The ball python hisses angrily.
The ball python moves out of view.
A ball python and a quokka come into view.
Found 22 arrows.
There are monsters nearby!
There are monsters nearby!
You grow a pair of large bovine horns.
Your feet morph into talons.
The ball python misses you. The ball python barely misses you.
You closely miss the ball python. You claw the ball python.
You kill the ball python!
You hit the quokka. Your kick misses the quokka. You headbutt the quokka.
You kill the quokka!
No target in view!
No target in view!
No target in view!
No target in view!
No target in view!
Your transformation is almost over.
You see here a ball python corpse.
Your horns disappear.
Your talons disappear.
A ball python comes into view.
Found a shimmering altar of Xom.
A ball python is nearby!
A ball python is nearby!
A ball python is nearby!
You grow a pair of large bovine horns.
Your feet morph into talons.
The ball python hisses angrily.
The ball python barely misses you. The ball python grabs you.
The ball python constricts you.
You hit the ball python. Your kick misses the ball python.
You headbutt the ball python.
You kill the ball python!
No target in view!
Your transformation is almost over.
Your horns disappear.
Your talons disappear.
You now have 45 gold pieces (gained 8).
Found 17 arrows.
You see here 17 arrows.
A giant cockroach comes into view.
A giant cockroach is nearby!
A giant cockroach is nearby!
You grow a pair of large bovine horns.
Your feet morph into talons.
A ball python comes into view.
The ball python hisses angrily.
You hit the giant cockroach.
You kill the giant cockroach!
You see here a giant cockroach corpse.
You hit the ball python but do no damage.
Your bite misses the ball python. The ball python barely misses you.
The ball python grabs you. The ball python constricts you.
You hit the ball python. Your kick misses the ball python.
The ball python bites you. The ball python constricts you.
You barely miss the ball python. Your kick misses the ball python.
You headbutt the ball python.
You kill the ball python!
Your transformation is almost over.
No target in view!
Found a glowing rapier.
Found a stone staircase leading down.
Your horns disappear.
Your talons disappear.
Found an escape hatch in the ceiling.
Found a stone staircase leading up.
A rat comes into view.
Found a stone staircase leading up.
A rat is nearby!
A rat is nearby!
A rat is nearby!
You grow a pair of large bovine horns.
Your feet morph into talons.
A giant cockroach comes into view.
Your transformation is almost over.
The rat misses you.
There is a stone staircase leading up here.
You hit the rat but do no damage. You headbutt the rat, but do no damage.
You bite the rat. You drain its power.
You feel invigorated. The rat bites you but does no damage.
You completely miss the rat. You headbutt the rat.
You kill the rat!
You hit the giant cockroach but do no damage.
You claw the giant cockroach. The giant cockroach closely misses you.
The giant cockroach barely misses you.
You hit the giant cockroach but do no damage.
Your kick misses the giant cockroach. Your bite misses the giant cockroach.
The giant cockroach barely misses you.
You barely miss the giant cockroach. The giant cockroach closely misses you.
You hit the giant cockroach but do no damage.
You claw the giant cockroach. The giant cockroach bites you.
You closely miss the giant cockroach. You claw the giant cockroach.
You kill the giant cockroach!
No target in view!
No target in view!
No target in view!
No target in view!
No target in view!
No target in view!
Your horns disappear.
Your talons disappear.
An endoplasm comes into view.
An endoplasm is nearby!
An endoplasm is nearby!
An endoplasm is nearby!
You grow a pair of large bovine horns.
Your feet morph into talons.
The endoplasm jiggles.
Your transformation is almost over.
Natasha, Servant of Life and Death comes into view.
Natasha hisses angrily.
Natasha casts a spell at you. The magic dart hits you.
You hit the endoplasm. You headbutt the endoplasm. You bite the endoplasm.
You drain its power.
You feel invigorated.
You hit the endoplasm but do no damage. The endoplasm freezes you.
You are frozen.
You are too injured to fight recklessly!
You are too injured to fight recklessly!
Natasha claws you.
* * * LOW HITPOINT WARNING * * *
There is a stone staircase leading up, spattered with blood here.
You barely miss the endoplasm. You claw the endoplasm.
You kill the endoplasm!
Natasha claws you but does no damage.
You hit Natasha but do no damage. You headbutt Natasha.
Your horns disappear.
Your talons disappear.
Natasha closely misses you.
You barely miss Natasha. Your bite misses Natasha. You closely miss Natasha.
Natasha claws you.
* * * LOW HITPOINT WARNING * * *
You closely miss Natasha. Your punch misses Natasha.
Natasha closely misses you.
You closely miss Natasha. You bite Natasha, but do no damage.
Natasha claws you.
* * * LOW HITPOINT WARNING * * *
You barely miss Natasha. You bite Natasha.
Natasha's magic leaks into the air.
You drain her magic.
You feel invigorated. Natasha claws you.
You die...

.......# ..#
...................# ...#
...)........ ......###...#
.........................#..
.........<.... #..........
..............####......##..
...................$...###
.....>.........†h..........
...............†@#.........
###.........##.............#
# #....###########.#######.#
###...................<.....
..#..#.....######....#...#
.....................# ..
................#....#
............._.......#
.......####..........#


You could see Natasha (magic disrupted).

Vanquished Creatures
  A gnoll (D:1)
  An adder (D:2)
  A dart slug (D:1)
  6 ball pythons
  3 bats (D:1)
  2 endoplasms
  4 giant cockroaches
  A goblin (D:2)
  A hobgoblin (D:1)
  A kobold (D:1)
  5 quokkas
  3 frilled lizards (D:1)
  4 rats
33 creatures vanquished.

Notes
Turn   | Place    | Note
-------+----------+-------------------------------------------
     0 | D:1      | CryoSword the Vine Stalker Transmuter began the quest for
                  | the Orb.
     0 | D:1      | Reached XP level 1. HP: 9/9 MP: 4/4
   308 | D:1      | Reached XP level 2. HP: 14/14 MP: 4/6
   624 | D:1      | Reached skill level 4 in Unarmed Combat
   661 | D:1      | Reached XP level 3. HP: 17/17 MP: 7/7
   740 | D:1      | Found a faded altar of an unknown god.
  1161 | D:2      | Found a shimmering altar of Xom.
  1265 | D:2      | Noticed Natasha
  1278 | D:2      | Slain by Natasha

Illustrated notes

Levels and vault maps discovered:
D:1:      ebering_hopf_link, layout_rooms, shapermc_ecumenical_altar_notcrosses
D:2:      layout_basic, basic_altar, uniq_natasha

Skill      XL: |  1  2 |
---------------+-------+-----
Unarmed Combat | 4 |  4.7
Fighting       | |  0.8
Dodging        | |  1.5
Spellcasting   | |  2.1
Transmutations | |  2.0

Action                   || total
-------------------------++-------
Melee: Unarmed           ||    89
       Kick              ||    21
       Bite              ||    12
       Headbutt          ||    12
       Punch             ||     1
 Cast: Beastly Appendage ||    19
 Abil: End Transformatio ||     1
 Stab: Sleeping          ||     1
Armor: Robe              ||     8
Dodge: Dodged            ||    51
